 Dungeon Crawl Stone Soup version 0.18-a0-19-g8b99b3a (webtiles) character file.

71 Raultor the Covered (level 4, -5/28 HPs)
             Began as a Gargoyle Fighter on Nov 1, 2015.
             Killed by divine providence
             ... invoked by an orc priest
              (13 damage)
             ... on level 6 of the Dungeon.
             The game lasted 00:03:48 (1420 turns).

Raultor the Covered (Gargoyle Fighter)              Turns: 1420, Time: 00:03:48

Health: -5/28      AC: 11    Str: 21    XL:     4   Next: 24%
Magic:  4/4        EV:  7    Int:  8    God:
Gold:   56         SH:  9    Dex:  9    Spells: 0 memorised, 3 levels left

rFire  . . .     SeeInvis .     a - +0 flail
rCold  . . .     Clarity  .     b - +0 scale mail
rNeg   + . .     SustAt   .     c - +0 shield
rPois  ∞         Gourm    .     (no helmet)
rElec  +         Spirit   .     l - +0 cloak
rCorr  .         Warding  .     (no gloves)
rMut   .         Stasis   .     (no boots)
MR     .....                    (no amulet)
Stlth  ..........               (no ring)
                                (no ring)

@: not resistant to hostile enchantments, extremely unstealthy
A: negative energy resistance 1, electricity resistance, unbreathing,
petrification resistance, rot immunity, AC +3
a: no special abilities


You were on level 6 of the Dungeon.
You were not hungry.

You visited 1 branch of the dungeon, and saw 4 of its levels.

You collected 56 gold pieces.

Inventory:

Hand Weapons
 a - a +0 flail (weapon)
 g - a +0 vampiric whip
Armour
 b - a +0 scale mail (worn)
 c - a +0 shield (worn)
 l - a +0 cloak (worn)
Jewellery
 j - an uncursed ring of sustain attributes {unknown}
 k - a cursed -4 ring of evasion {unknown}
Scrolls
 h - 2 scrolls of amnesia {unknown}
 m - a scroll of identify {unknown}
 n - a scroll of magic mapping {unknown}
 o - 2 scrolls of random uselessness {unknown}
 u - a scroll of remove curse {unknown}
Potions
 d - 2 potions of might
 p - a potion of poison {unknown}
 r - a potion of lignification {unknown}
 s - a potion of haste {unknown}
 t - a potion of curing {unknown}
Comestibles
 e - a bread ration
 f - 2 beef jerkies
 i - a chunk of flesh
 q - a meat ration


   Skills:
 - Level 3.2 Fighting
 * Level 3.1 Maces & Flails
 + Level 4.1 Armour
 + Level 3.9 Shields


You had 3 spell levels left.
You didn't know any spells.

Dungeon Overview and Level Annotations

Branches:
Dungeon (6/15)
 Temple: D:4-7

Altars:
Gozag
Makhleb
Vehumet

Annotations:
D:3 Raultor's ghost, amateur GrFi


Innate Abilities, Weirdness & Mutations

You are resistant to torment.
Your stone body is resilient (AC +3).
You are immune to poison.
You resist negative energy.
You are resistant to electric shocks.
You can survive without breathing.
You are immune to petrification.
You are immune to rotting.


Message History

Something smites you!
You hear a shout!
You sock the orc priest!
The orc priest is heavily wounded.
The orc priest barely misses you.
You closely miss the orc priest.
The orc priest is heavily wounded.
The orc priest hits you but does no damage.
An orc comes into view.
You closely miss the orc warrior. You block the orc warrior's attack.
Your shield prevents you from hitting the orc warrior.
The orc warrior hits you but does no damage.
You hit the orc warrior but do no damage.
The orc warrior barely misses you.
You barely miss the orc warrior.
The orc warrior hits you with a dire flail.
* * * LOW HITPOINT WARNING * * *
The orc priest invokes the aid of Beogh against you.
Something smites you!
You die...

## ### #.##
#..
####o###.####.
#...oo#.......
#.####@#
#.#####..
#........
#######..


You could see an orc warrior, an orc priest and an orc.

Vanquished Creatures
  An adder (D:2)
  2 worms (D:2)
  3 giant geckos
  4 bats
  5 giant cockroaches (D:1)
  5 goblins
  10 hobgoblins
  4 jackals (D:1)
  2 giant newts
  5 kobolds
  7 rats
48 creatures vanquished.

Notes
Turn   | Place    | Note
--------------------------------------------------------------
     0 | D:1      | Raultor the Gargoyle Fighter began the quest for the Orb.
     0 | D:1      | Reached XP level 1. HP: 14/14 MP: 1/1
   133 | D:1      | Reached XP level 2. HP: 14/19 MP: 2/2
   290 | D:1      | Reached XP level 3. HP: 21/23 MP: 3/3
   760 | D:1      | Reached skill level 4 in Armour
  1014 | D:2      | Reached XP level 4. HP: 28/28 MP: 4/4
  1049 | D:2      | Found an opulent altar of Gozag.
  1226 | D:2      | Found a radiant altar of Vehumet.
  1226 | D:2      | Found a burning altar of Makhleb.
  1405 | D:3      | Noticed Raultor's ghost (amateur GrFi)
  1407 | D:3      | You fall through a shaft for 3 floors!
  1411 | D:6      | Noticed an orc warrior
  1420 | D:6      | Killed from afar by an orc priest

Vault maps used:
D:1:      wheals_arrival_shading
D:2:      gammafunk_temple_overflow_elements, grunt_gozag_statues
D:3:      first_bread, minmay_misc_feat_four_crosses, uniq_sigmund, uniq_jessica
D:6:      kiku_gazebo_pond_becter, lemuel_crystal_altar, okawaru_trees_1,
          minmay_misc_feat_nine_boxes, uniq_menkaure

Action                   |  1- 3 |  4- 6 || total
-------------------------+-------+-------++-------
Melee: Flail             |   147 |    28 ||   175
  Eat: Chunk             |     1 |     1 ||     2
